 Dungeon Crawl Stone Soup version 0.29.1-1-gd02db6906a (webtiles) character file.

Game seed: 17550515814004288048

21 MisterFreud the Twirler (level 3, 0/27 HPs)
             Began as a Formicid Gladiator on Oct 4, 2022.
             Succumbed to a kobold's poison
             ... on level 3 of the Dungeon.
             The game lasted 00:01:46 (878 turns).

MisterFreud the Twirler (Formicid Gladiator)         Turns: 878, Time: 00:01:46

Health: 0/27       AC:  3    Str: 20    XL:     3   Next: 2%
Magic:  3/3        EV: 12    Int:  7    God:
Gold:   67         SH:  4    Dex: 15    Spells: 2/2 levels left

rFire   . . .      SeeInvis +   a - +0 quarterstaff
rCold   . . .      Faith    .   i - +0 buckler
rNeg    . . .      Spirit   .   b - +0 leather armour
rPois   .          Reflect  .   (helmet unavailable)
rElec   +          Harm     .   (no cloak)
rCorr   +          Rampage  .   (no gloves)
Will    +....                   (no boots)
Stlth   +.........              (no amulet)
HPRegen 0.09/turn               e - ring of Racseos {rElec rCorr}
MPRegen 0.08/turn               k - ring of willpower

@: lethally poisoned (0 -> -13)
A: permanent stasis, dig shafts and tunnels, antennae 3, four strong arms
a: Dig, Shaft Self


You were on level 3 of the Dungeon.
You visited 1 branch of the dungeon, and saw 3 of its levels.

You collected 67 gold pieces.

Inventory:

Hand Weapons
 a - a +0 quarterstaff (weapon)
Missiles
 c - 3 throwing nets (quivered)
 d - a javelin
Armour
 b - a +0 leather armour (worn)
 i - a +0 buckler (worn)
Jewellery
 e - the ring of Racseos (left hand) {rElec rCorr}
   (You acquired it on level 1 of the Dungeon)

   [ring of resist corrosion]

   rElec:     It insulates you from electricity.
   rCorr:     It protects you from acid and corrosion.
 g - a ring of protection from cold
 k - a ring of willpower (right hand)
Potions
 f - a potion of lignification {unknown}
 m - 2 potions of cancellation {unknown}


   Skills:
 - Level 2.1 Fighting
 + Level 3.7 Staves
 - Level 2.0 Throwing
 - Level 2.6 Dodging
 + Level 1.5 Shields


You had 2 spell levels left.
You didn't know any spells.
Your spell library contained the following spells:

 Spells                   Type           Power      Damage    Failure   Level
 Malign Gateway           Summ/Tloc      0%         N/A       100%        7
 Summon Horrible Things   Summ           0%         N/A       100%        8


Dungeon Overview and Level Annotations

Branches:
Dungeon (2/15)

Altars:


Innate Abilities, Weirdness & Mutations

You cannot be hasted, slowed, berserked, paralysed or teleported.
You can dig through walls and to a lower floor.
You have a pair of large antennae on your head. (SInv)
Your four strong arms can wield two-handed weapons with a shield.


Message History

The kobold closely misses you.
There is an open gate here.
There are monsters nearby!
The kobold attacks as you move away! The kobold hits you with a +0 club.
The kobold attacks as you move away! The kobold barely misses you.
The kobold attacks as you move away! The kobold hits you with a +0 club.
You closely miss the kobold. The kobold barely misses you.
You hit the kobold.
You kill the kobold!
The kobold hits you with a +0 dagger of venom.
You are poisoned.
You hit the kobold.
The kobold is severely wounded.
You feel very sick. The kobold hits you but does no damage.
The kobold hits you with a +0 club. The kobold hits you but does no damage.
You block the kobold's attack.
You are too injured to fight recklessly!
You sock the kobold!
You kill the kobold!
You feel sick. The kobold misses you.
You have reached level 3!
Your experience leads to an increase in your attributes!
Increase (S)trength, (I)ntelligence, or (D)exterity?
You feel stronger. x2
Are you sure you want to shaft yourself?
You feel sick.
The kobold hits you with a +0 dagger of venom.
* * * LOW HITPOINT WARNING * * *
You are lethally poisoned!
The kobold hits you with a +0 dagger.
* * * LOW HITPOINT WARNING * * *
You begin to dig a shaft.
You continue digging a shaft.
* * * LOW HITPOINT WARNING * * *
You feel very sick. The kobold closely misses you.
The kobold hits you with a +0 dagger.
* * * LOW HITPOINT WARNING * * *
A shaft appears beneath you!
You fall into a shaft and drop 1 floor!
The shaft crumbles and collapses.
You die...

#.......
....>..
###.....##
##........#
..........#
#.........#
#.....#
#..@# #####


There were no monsters in sight!

Vanquished Creatures
  A bat (D:1)
  4 endoplasms (D:1)
  A goblin (D:2)
  2 hobgoblins (D:1)
  A quokka (D:1)
  5 ball pythons
  2 kobolds (D:2)
  2 rats
18 creatures vanquished.

Notes
Turn   | Place    | Note
-------+----------+-------------------------------------------
     0 | D:1      | MisterFreud the Formicid Gladiator began the quest for the
                  | Orb.
     0 | D:1      | Reached XP level 1. HP: 16/16 MP: 1/1
   315 | D:1      | Found a faded altar of an unknown god.
   387 | D:1      | Reached XP level 2. HP: 22/22 MP: 2/2
   597 | D:1      | Reached skill level 1 in Shields
   676 | D:1      | Identified a scroll of acquirement
   676 | D:1      | Acquired the ring of Racseos {rElec rCorr}
   876 | D:2      | Reached XP level 3. HP: 10/27 MP: 3/3
   878 | D:2      | You fall into a shaft and drop 1 floor!
   878 | D:3      | Succumbed to a kobold's poison

Illustrated notes

Levels and vault maps discovered:
D:1:      wander_arrival_desolate, layout_rooms, basic_ecumenical_altar
D:2:      cheibrodos_fertilizer, layout_basic, serial_rivers,
          chequers_serial_rivers_room_b, chequers_serial_rivers_large_b,
          chequers_serial_rivers_room_b, chequers_serial_rivers_micro_c,
          chequers_serial_rivers_room_b
D:3:      layout_rooms, uniq_robin

Skill      XL: |  1  2 |
---------------+-------+-----
Shields        | 1 |  1.5
Fighting       | |  2.1
Staves         | |  3.7
Throwing       | |  2.0
Dodging        | |  2.6

Action                   || total
-------------------------++-------
Melee: Quarterstaff      ||    29
 Abil: Shaft Self        ||     1
  Use: Scroll            ||     5
Armor: Leather armour    ||     7
Dodge: Dodged            ||    17
Block: Buckler           ||     2
